 Dungeon Crawl Stone Soup version 0.31-a0-931-g7b59d4eb97 (webtiles) character file.

Game seed: 10522937815314873900

8 protoss039 the Digger (level 2, 20/20 HPs)
             Began as a Demonspawn Earth Elementalist on Oct 19, 2023.
             Got out of the dungeon alive.
             The game lasted 00:00:59 (354 turns).

protoss039 the Digger (DsEE)                         Turns: 354, Time: 00:00:59

Health: 20/20      AC:  2    Str:  8    XL:     2   Next: 0%
Magic:  5/5        EV: 12    Int: 16    God:
Gold:   16         SH:  0    Dex: 13    Spells: 4/5 levels left

rFire   . . .        e - +2 sling (heavy)
rCold   . . .        (no shield)
rNeg    . . .        a - +0 robe
rPois   .            (no helmet)
rElec   .            (no cloak)
rCorr   .            (no gloves)
SInv    .            (no boots)
Will    .....        (no amulet)
Stlth   ++           (no ring)
HPRegen 0.23/turn    (no ring)
MPRegen 0.09/turn

%: no passive effects
@: no status effects
A: weakness stinger 1
a: no special abilities


You escaped.
You visited 1 branch of the dungeon, and saw 2 of its levels.

You collected 16 gold pieces.

Inventory:

Hand Weapons
 d - a +0 short sword
 e - a +2 heavy sling (weapon)
Armour
 a - a +0 robe (worn)
 f - a +0 helmet
Scrolls
 c - 2 scrolls of identify {unknown}
Potions
 b - a potion of magic


   Skills:
 + Level 0.7 Fighting
 - Level 1.7 Dodging
 - Level 1.7 Stealth
 + Level 2.2 Spellcasting
 - Level 0.8 Transmutations
 + Level 2.9 Earth Magic


You had 4 spell levels left.
You knew the following spells:

 Your Spells              Type           Power      Damage    Failure   Level
a - Sandblast             Erth           22%        2d7       6%          1

Your spell library contained the following spells:

 Spells                   Type           Power      Damage    Failure   Level
 Passwall                 Tmut/Erth      5%         N/A       14%         2
 Stone Arrow              Conj/Erth      12%        3d7       32%         3
 Petrify                  Tmut/Erth      7%         N/A       67%         4
 Brom's Barrelling Bould  Conj/Erth      6%         2d3       73%         4


Dungeon Overview and Level Annotations

Branches:
Dungeon (2/15) Zot: 11638

Altars:


Innate Abilities, Weirdness & Mutations

You have a small tail.


Message History

Okay, then.
Unknown command.
No target in view!
Unknown command.
You see here a kobold corpse.
A dart slug is nearby!
A dart slug is nearby!
You shoot a sling bullet.
The sling bullet barely misses the dart slug.
The dart slug launches a dart at you. The slug dart misses you.
You shoot a sling bullet. The sling bullet hits the dart slug.
The dart slug is heavily wounded.
You shoot a sling bullet. The sling bullet hits the dart slug.
The dart slug is severely wounded.
The dart slug launches a dart at you. The slug dart hits you.
You shoot a sling bullet. The sling bullet hits the dart slug.
You kill the dart slug!
No target in view!
HP restored.
Found a helmet.
You see here a staff of conjuration.
You now have 16 gold pieces (gained 6).
A rat comes into view.
You shoot a sling bullet. The sling bullet hits the rat.
You kill the rat!
You have reached level 2!
Your demonic ancestry asserts itself...
You grow a small tail.
Unknown command.
You see here a +0 helmet.
f - a +0 helmet You see here a staff of conjuration.
There are no items here.
You see here a kobold corpse.
There is a stone staircase leading down here.
There is an open door here.
There is a staircase leading out of the dungeon here.
You have escaped!

..(....#.##.####.## #.#
.........#'#.##...## #.#
.....#.###.##'.....# #.#
.......##...###...## #.#
###.#.##.....###'#######.#
#.#.#........'.# #.....# .
##.....###'###.##### #
##...###.(.##.#
##.##'..@..#.#########
#'#.##...##..(......#
##.####.##...######.# ####
#'#....# ....###.#..###
#..........# #..####.####
#. #... # #####


There were no monsters in sight!

Vanquished Creatures
  A dart slug (D:1)
  An endoplasm (D:1)
  A giant cockroach (D:2)
  A hobgoblin (D:1)
  A kobold (D:1)
  A rat (D:1)
6 creatures vanquished.

Notes
Turn   | Place    | Note
-------+----------+-------------------------------------------
     0 | D:1      | protoss039 the Demonspawn Earth Elementalist began the
                  | quest for the Orb.
     0 | D:1      | Reached XP level 1. HP: 13/13 MP: 3/3
   136 | D:1      | Found a faded altar of an unknown god.
   285 | D:1      | Gained mutation: You have a small tail. [demonic ancestry]
   285 | D:1      | Reached XP level 2. HP: 20/20 MP: 5/5
   354 | D:$      | Got out of the dungeon alive.

Illustrated notes

Levels and vault maps discovered:
D:1:      dpeg_arrival_rhombi, layout_basic, basic_ecumenical_altar,
          minmay_bisected
D:2:      layout_basic, basic_altar

Action                     || total
---------------------------++-------
  Melee: Unarmed           ||    18
         Short sword       ||    15
   Fire: Sling             ||     5
   Cast: Sandblast         ||     6
 Armour: Robe              ||    19
  Dodge: Dodged            ||    28

Table legend: (Time is in decaauts)
 A = Elapsed time spent in this place.
 B = Non-inter-level travel time spent in this place.
 C = Inter-level travel time spent in this place.
 D = Time resting spent in this place.
 E = Time spent auto-exploring this place.
 F = Levels seen in this place.
 G = Mean time per level.
                   A        B        C        D        E       F      G
               +--------+--------+--------+--------+--------+-----+--------+
         Total |    361 |    308 |     53 |     27 |    172 |   2 |  180.5 |
       Dungeon |    361 |    308 |     53 |     27 |    172 |   2 |  180.5 |
               +--------+--------+--------+--------+--------+-----+--------+

Top non-repeatable levels by time:
     D:1: 300 daAuts
     D:2: 61 daAuts
